[Event "Titled Tuesday Blitz January 10 Early 2023"]
[White "Bacrot, Etienne"]
[Black "Hirneise, Jens"]
[WhiteFideId "605506"]
[BlackFideId "24614734"]
[WhiteElo "2667"]
[BlackElo "2277"]
[Result "1-0"]
[Round "02"]
[TimeControl "180+2"]
[Date "2023.01.10"]
[WhiteClock "0:00:08"]
[BlackClock "0:00:21"]

1. e4 c5 2. Nf3 Nc6 3. Bb5 e6 4. O-O Nge7 5. Re1 g6 6. c3 Bg7 7. d4 cxd4 8. cxd4 a6 9. Bf1 d5 10. e5 Bd7 11. Nc3 b5 12. h4 h6 13. a3 Na5 14. g3 Qb6 15. Na2 Rc8 16. Nb4 Nac6 17. Nc2 Na5 18. Ne3 Nec6 19. Ng4 Qd8 20. b3 Qb6 21. Bf4 Kd8 22. Nf6 Kc7 23. Rc1 Kd8 24. Qd3 Ne7 25. Rc5 Nb7 26. Rxc8+ Bxc8 27. Rc1 Bd7 28. Bd2 Nc6 29. Bh3 Bxf6 30. exf6 Nd6 31. Be3 a5 32. Ne5 Be8 33. Bf4 Ne4 34. Rxc6 Bxc6 35. Nxf7+ Ke8 36. Nxh8 b4 37. a4 g5 38. hxg5 hxg5 39. Be5 Kf8 40. Bxe6 Be8 41. Bxd5 Nxf6 42. Qf3 Kg7 43. Bc4 Kxh8 44. Qxf6+ Qxf6 45. Bxf6+ Kh7 46. Bxg5 Kg6 47. Bc1 Bd7 48. Bb2 Kf6 49. f3 Kg5 50. Kf2 Kf6 51. Ke3 1-0


[Site "https://www.chess.com"]

[Event "Titled Tuesday Blitz January 10 Early 2023"]
[White "Harsh Suresh"]
[Black "Di Nicolantonio, Lucas"]
[WhiteFideId "45018464"]
[BlackFideId "680460"]
[WhiteElo "2298"]
[BlackElo "2376"]
[Result "1-0"]
[Round "02"]
[TimeControl "180+2"]
[Date "2023.01.10"]
[WhiteClock "0:00:05"]
[BlackClock "0:00:04"]

1. e4 g6 2. d4 Bg7 3. c3 d6 4. Bd3 Nf6 5. Ne2 Nc6 6. O-O e5 7. Nd2 O-O 8. h3 Re8 9. Re1 h6 10. Nf3 exd4 11. Nexd4 Ne5 12. Nxe5 dxe5 13. Nf3 Qe7 14. Bc4 Bd7 15. Qb3 Bc6 16. Nxe5 Qxe5 17. Bxf7+ Kh7 18. f4 Qh5 19. Bxe8 Rxe8 20. e5 Qh4 21. Qd1 Qg3 22. Re2 Nd5 23. Qe1 Nxf4 24. Bxf4 Qxf4 25. e6 Qg5 26. Qf2 Rf8 27. Qe3 Qd5 28. e7 Re8 29. Rf1 Bb5 30. Rd2 Qg5 31. Qxg5 hxg5 32. Re1 Bf6 33. c4 Bc6 34. b4 Bxe7 35. Rde2 Bxb4 36. Rxe8 Bxe1 37. Rxe1 Kg7 38. Re7+ Kf6 39. Rxc7 Ke5 40. Rg7 Be4 41. Kf2 Kd4 42. Kg3 Kxc4 43. Kg4 Bxg2 44. Rxg6 Kb4 45. Rxg5 b5 46. h4 Be4 47. h5 a6 48. h6 Ka3 49. Rf5 Bxf5+ 50. Kxf5 Kxa2 51. h7 b4 52. h8=Q b3 53. Qg8 a5 54. Ke4 a4 55. Kd3 Ka1 56. Qg7+ b2 57. Kc2 a3 58. Qg1+ Ka2 59. Qb1# 1-0


[Site "https://www.chess.com"]

[Event "Titled Tuesday Blitz January 10 Early 2023"]
[White "Manukyan, Sargis A."]
[Black "Demchenko, Anton"]
[WhiteFideId "13303970"]
[BlackFideId "4160258"]
[WhiteElo "2158"]
[BlackElo "2623"]
[Result "0-1"]
[Round "02"]
[TimeControl "180+2"]
[Date "2023.01.10"]
[WhiteClock "0:00:11"]
[BlackClock "0:00:29"]

1. d4 Nf6 2. c4 d6 3. Nf3 Nc6 4. Nc3 e5 5. dxe5 dxe5 6. Qxd8+ Kxd8 7. a3 Be6 8. e3 h6 9. b4 Nd7 10. Bb2 f6 11. O-O-O Kc8 12. Be2 a5 13. b5 Ncb8 14. Na4 Nc5 15. Nxc5 Bxc5 16. Nd2 Nd7 17. Ne4 Bb6 18. g4 Nc5 19. Nxc5 Bxc5 20. a4 c6 21. bxc6 bxc6 22. Bc3 Kc7 23. Kc2 Bb4 24. Rb1 c5 25. Bb2 Bd7 26. Ra1 Bc6 27. f3 Rad8 28. Bc1 h5 29. g5 fxg5 30. Rg1 g4 31. e4 Rhf8 32. Be3 gxf3 33. Rxg7+ Kb6 34. Bd3 Rxd3 35. Kxd3 Rd8+ 36. Kc2 Bxe4+ 37. Kb3 Rd3+ 38. Kb2 Bc3+ 39. Ka2 Rxe3 40. Rd1 Re2+ 41. Ka3 Bb4+ 0-1


[Site "https://www.chess.com"]

[Event "Titled Tuesday Blitz January 10 Early 2023"]
[White "Pakleza, Zbigniew"]
[Black "Fiorito, Francisco"]
[WhiteFideId "1119290"]
[BlackFideId "180165"]
[WhiteElo "2494"]
[BlackElo "2305"]
[Result "1-0"]
[Round "02"]
[TimeControl "180+2"]
[Date "2023.01.10"]
[WhiteClock "0:00:06"]
[BlackClock "0:00:02"]

1. d4 Nf6 2. Nf3 g6 3. Bf4 Bg7 4. e3 O-O 5. Be2 d6 6. h3 Nbd7 7. O-O Qe8 8. c4 e5 9. Bh2 Ne4 10. Nbd2 Nxd2 11. Qxd2 Qe7 12. Rac1 b6 13. b4 Bb7 14. c5 bxc5 15. bxc5 dxc5 16. dxc5 Bc6 17. Qa5 Rfc8 18. Rfd1 a6 19. Nd2 Nf6 20. Nb3 Nd5 21. Qe1 Rd8 22. Na5 Ba4 23. Rd2 e4 24. Bc4 Qxc5 25. Bxd5 Rxd5 26. Rxc5 Rxc5 27. Nb3 Rc6 28. Qd1 Bc3 29. Rd8+ Rxd8 30. Qxd8+ Kg7 31. Bg3 Bf6 32. Qa8 Rc2 33. Qxa6 Bd7 34. Nd4 Rc1+ 35. Kh2 h5 36. Bf4 g5 37. Bxg5 Bxg5 38. Qa5 Kg6 39. Qa6+ Bf6 40. Qa3 Be5+ 41. g3 c5 42. Qxc1 cxd4 43. exd4 Bxd4 44. Qd2 Bc6 45. Qxd4 e3 46. Qxe3 Kg7 47. Qc3+ 1-0


[Site "https://www.chess.com"]

[Event "Titled Tuesday Blitz January 10 Early 2023"]
[White "Fayzullaev, Akmal"]
[Black "Galchenko, Matvey"]
[WhiteFideId "14200554"]
[BlackFideId "24175480"]
[WhiteElo "2391"]
[BlackElo "2438"]
[Result "0-1"]
[Round "02"]
[TimeControl "180+2"]
[Date "2023.01.10"]
[WhiteClock "0:00:02"]
[BlackClock "0:00:21"]

1. e4 e6 2. d4 d5 3. Nd2 a6 4. Ngf3 Nf6 5. Bd3 c5 6. e5 Nfd7 7. c3 Nc6 8. O-O g5 9. c4 g4 10. cxd5 exd5 11. Ne1 Nxd4 12. Nb3 Nxb3 13. axb3 Nxe5 14. Bf4 Bg7 15. Bb5+ Nc6 16. Be2 h5 17. Nd3 c4 18. Nc1 Bxb2 19. Rb1 Qf6 20. Bd2 c3 21. Nd3 Bf5 22. Rxb2 cxb2 23. Qb1 O-O 24. Qxb2 Qxb2 25. Nxb2 Rfe8 0-1


[Site "https://www.chess.com"]

[Event "Titled Tuesday Blitz January 10 Early 2023"]
[White "Samadov, Read"]
[Black "Bilan, Danila"]
[WhiteFideId "13417444"]
[BlackFideId "24161918"]
[WhiteElo "2469"]
[BlackElo "2303"]
[Result "1-0"]
[Round "02"]
[TimeControl "180+2"]
[Date "2023.01.10"]
[WhiteClock "0:02:01"]
[BlackClock "0:00:03"]

1. d4 d5 2. c4 c6 3. Nf3 Nf6 4. Nc3 e6 5. Bg5 Nbd7 6. e3 Be7 7. Rc1 O-O 8. Bd3 dxc4 9. Bxc4 Nd5 10. Bxe7 Qxe7 11. O-O Nxc3 12. Rxc3 e5 13. Re1 exd4 14. exd4 Qf6 15. Ne5 Nb6 16. Rf3 Qh4 17. Bxf7+ Kh8 18. Bb3 Bd7 19. Nf7+ Kg8 20. g3 Qg4 1-0


[Site "https://www.chess.com"]

[Event "Titled Tuesday Blitz January 10 Early 2023"]
[White "Crevatin, Leo"]
[Black "Rustemov, Alexander"]
[WhiteFideId "1726307"]
[BlackFideId "4119002"]
[WhiteElo "2292"]
[BlackElo "2525"]
[Result "1-0"]
[Round "02"]
[TimeControl "180+2"]
[Date "2023.01.10"]
[WhiteClock "0:00:07"]
[BlackClock "0:00:02"]

1. d4 d5 2. c4 c6 3. Nf3 Nf6 4. Nbd2 Bf5 5. Nh4 Bg6 6. Qb3 Qc7 7. Nxg6 hxg6 8. g3 e6 9. Bg2 Be7 10. e4 dxe4 11. Nxe4 Nxe4 12. Bxe4 Nd7 13. O-O Nf6 14. Bf3 O-O 15. Bf4 Qb6 16. Rad1 Qxb3 17. axb3 Rfd8 18. Rd3 Rd7 19. Rfd1 Rad8 20. Be3 a6 21. Kf1 Ne8 22. Ke2 Nd6 23. g4 g5 24. Bd2 f6 25. Ba5 Rc8 26. Rh1 f5 27. Re1 Kf7 28. Kd2 Bf6 29. d5 cxd5 30. cxd5 e5 31. gxf5 Nxf5 32. Bc3 Re8 33. Be4 g6 34. Rc1 Rh8 35. Rh1 Rh4 36. f3 Nd6 37. Ke3 g4 38. fxg4 Rh3+ 39. Ke2 Rh4 40. Bg2 Rxg4 41. Bh3 Re4+ 42. Kd1 Rd8 43. Rf1 Rf4 44. Rxf4 exf4 45. Be6+ Kg7 46. Rf3 g5 47. h4 Bxc3 48. bxc3 Kg6 49. hxg5 Kxg5 50. c4 b6 51. Kc2 a5 52. Kd3 Nb7 53. Kd4 Nc5 54. Ke5 Rf8 55. Bh3 Re8+ 56. Be6 Rf8 57. Bh3 Rf6 58. d6 Rf8 59. d7 Nb7 60. Ke6 Nc5+ 61. Ke7 Nxd7 62. Bxd7 Rh8 63. Kd6 Rh6+ 64. Kc7 Rf6 65. Bc6 Kg4 66. Rf1 f3 67. Kxb6 f2 68. c5 Kg3 69. Kb5 Re6 70. Bb7 Re1 71. Rxf2 Kxf2 72. Kxa5 Ke3 73. c6 Rc1 74. Kb6 Kd4 75. c7 Rxc7 76. Kxc7 Kc3 77. Bd5 Kb4 78. Bc4 Ka5 79. Kc6 Kb4 80. Kb6 Kc3 81. Kc5 1-0


[Site "https://www.chess.com"]

[Event "Titled Tuesday Blitz January 10 Early 2023"]
[White "Neiksans, Arturs"]
[Black "Badelka, Olga"]
[WhiteFideId "11601388"]
[BlackFideId "13509926"]
[WhiteElo "2615"]
[BlackElo "2406"]
[Result "1-0"]
[Round "02"]
[TimeControl "180+2"]
[Date "2023.01.10"]
[WhiteClock "0:02:17"]
[BlackClock "0:01:10"]

1. a3 d5 2. e4 dxe4 3. Nc3 Nf6 4. f3 exf3 5. Nxf3 Bg4 6. Bc4 e6 7. d3 Bc5 8. Bg5 h6 9. Bh4 O-O 10. Qd2 Bxf3 11. gxf3 Be7 12. O-O-O Nd5 13. Bxe7 Nxe7 14. Rhg1 Kh8 15. d4 Nd7 16. Bd3 Nf6 17. Qf4 Ned5 18. Nxd5 Qxd5 19. Rxg7 1-0


[Site "https://www.chess.com"]

[Event "Titled Tuesday Blitz January 10 Early 2023"]
[White "Colas, Joshua"]
[Black "Mikhailovsky, Vladimir"]
[WhiteFideId "2044447"]
[BlackFideId "34105414"]
[WhiteElo "2342"]
[BlackElo "2215"]
[Result "0-1"]
[Round "02"]
[TimeControl "180+2"]
[Date "2023.01.10"]
[WhiteClock "0:00:03"]
[BlackClock "0:00:07"]

1. Nf3 d6 2. e3 e5 3. d4 Nd7 4. g3 Ngf6 5. Bg2 Be7 6. O-O O-O 7. c4 c6 8. Nc3 Re8 9. e4 Qc7 10. h3 Nf8 11. Be3 Ne6 12. Rc1 c5 13. Nd5 Nxd5 14. cxd5 Nxd4 15. Nxd4 exd4 16. Bxd4 Qa5 17. Bc3 Qxa2 18. e5 Qa6 19. e6 fxe6 20. dxe6 Bxe6 21. Bd5 Bxd5 22. Qxd5+ Kh8 23. Qf7 Bf8 24. Rfe1 Qc6 25. h4 Rad8 26. h5 Rxe1+ 27. Rxe1 Qd7 28. Qf3 d5 29. Be5 Kg8 30. h6 Qf7 31. Qg4 Qg6 32. Qh4 Re8 33. hxg7 Bxg7 34. f4 Bxe5 35. fxe5 d4 36. Qf4 d3 37. Rd1 b5 38. b4 c4 39. Re1 c3 40. Rf1 d2 41. e6 Qxe6 42. Qg5+ Qg6 43. Qd5+ Kh8 44. Qd4+ Qg7 45. Qd3 Rg8 46. Kg2 Qxg3+ 47. Qxg3 Rxg3+ 48. Kxg3 c2 49. Rf8+ Kg7 50. Rc8 d1=Q 0-1


[Site "https://www.chess.com"]

[Event "Titled Tuesday Blitz January 10 Early 2023"]
[White "Urazayev, Arystanbek"]
[Black "Srebrnic, Marko"]
[WhiteFideId "13709810"]
[BlackFideId "14603616"]
[WhiteElo "2460"]
[BlackElo "2366"]
[Result "1-0"]
[Round "02"]
[TimeControl "180+2"]
[Date "2023.01.10"]
[WhiteClock "0:00:51"]
[BlackClock "0:00:01"]

1. e4 c5 2. Nf3 Nc6 3. Bb5 g6 4. O-O Bg7 5. c3 Nf6 6. e5 Nd5 7. d4 cxd4 8. cxd4 O-O 9. Nc3 Nxc3 10. bxc3 d6 11. Re1 dxe5 12. Bxc6 bxc6 13. Nxe5 Qb6 14. Ba3 Bf5 15. Bxe7 Rfe8 16. Bc5 Qb5 17. a4 Qa6 18. Qf3 Bxe5 19. dxe5 Rad8 20. Bd6 Qc4 21. h3 f6 22. g4 fxe5 23. Bxe5 Rd3 24. Qf4 Qxf4 25. Bxf4 Rxe1+ 26. Rxe1 Bd7 27. Re7 c5 28. a5 a6 29. Be5 Bc6 30. Rg7+ Kf8 31. Rxh7 Be4 32. f4 Rd2 33. Rc7 Rg2+ 34. Kf1 Ra2 35. Rxc5 Bg2+ 36. Ke1 Bxh3 37. g5 Bf5 38. Bf6 Ke8 39. Rd5 Bg4 40. c4 Re2+ 41. Kf1 Re4 42. Be5 Be2+ 43. Kf2 Bxc4 44. Rd6 Re2+ 45. Kf3 Ra2 46. Rxg6 Rxa5 47. Rb6 Ra2 48. g6 a5 49. f5 Bd3 50. Rb8+ Kd7 51. g7 Bc4 52. g8=Q 1-0


[Site "https://www.chess.com"]

[Event "Titled Tuesday Blitz January 10 Early 2023"]
[White "Lagarde, Maxime"]
[Black "Turzo, Attila"]
[WhiteFideId "662399"]
[BlackFideId "704954"]
[WhiteElo "2579"]
[BlackElo "2279"]
[Result "1-0"]
[Round "02"]
[TimeControl "180+2"]
[Date "2023.01.10"]
[WhiteClock "0:00:37"]
[BlackClock "0:00:06"]

1. d4 Nf6 2. Nf3 e6 3. Bf4 c5 4. e3 d5 5. Nbd2 Bd6 6. dxc5 Bxc5 7. Bd3 O-O 8. O-O Nc6 9. a3 b6 10. c4 Bb7 11. Rc1 Rc8 12. Qe2 Qe7 13. Bg5 h6 14. Bh4 dxc4 15. Nxc4 Rfd8 16. Rfd1 Qf8 17. Bxf6 gxf6 18. b4 Be7 19. Be4 f5 20. Bxc6 Bxc6 21. Nd4 Bd5 22. Ne5 Bxg2 23. Kxg2 Qg7+ 24. Kh1 Qxe5 25. Rxc8 Rxc8 26. Qh5 Qe4+ 27. Qf3 Qxf3+ 28. Nxf3 a5 29. Rd7 Bf6 30. Rb7 axb4 31. axb4 Rc6 32. b5 Rd6 33. Kg2 Kg7 34. Ng1 Bd8 35. Ne2 Rd5 36. Nd4 f4 37. Nxe6+ Kf6 38. Nxd8 fxe3 39. Nc6 e2 40. Re7 Rxb5 41. Rxe2 Rc5 42. Nd4 Rd5 43. Nf3 Rc5 44. Rb2 b5 45. Nd4 Rd5 46. Nxb5 Kf5 47. Nc3 Rd3 48. Rb5+ Kg6 49. Ne2 Ra3 50. Nf4+ Kg7 51. Rb6 Ra4 52. Nh5+ Kh7 53. Kg3 Ra3+ 54. f3 Ra2 55. Rf6 Ra7 56. Kg4 Ra4+ 57. f4 Ra7 58. Ng3 Rb7 59. Nf5 Ra7 60. Rxh6+ Kg8 61. Rc6 Rb7 62. h4 Rb1 63. Kg5 Rg1+ 64. Kf6 Rg6+ 65. Ke5 Rxc6 66. Ne7+ Kg7 67. Nxc6 f6+ 68. Kf5 Kf7 69. Nd4 Kg7 70. Ne2 Kh6 71. Ng3 Kg7 72. Ne4 Kf7 73. Nxf6 Kg7 74. h5 Kh6 75. Ng4+ Kxh5 76. Ne5 Kh6 77. Ke6 Kg7 78. Ke7 Kg8 79. f5 Kg7 80. f6+ Kg8 81. f7+ Kh7 82. Nd7 Kg6 83. f8=Q Kh7 84. Qf6 Kg8 85. Qg5+ Kh7 86. Kf7 1-0


[Site "https://www.chess.com"]

[Event "Titled Tuesday Blitz January 10 Early 2023"]
[White "Seemann, Jakub"]
[Black "Bilych, Olexiy"]
[WhiteFideId "21874697"]
[BlackFideId "14156504"]
[WhiteElo "2446"]
[BlackElo "2441"]
[Result "1-0"]
[Round "02"]
[TimeControl "180+2"]
[Date "2023.01.10"]
[WhiteClock "0:00:04"]
[BlackClock "0:00:11"]

1. e4 c5 2. Nf3 Nc6 3. Bb5 e5 4. O-O Bd6 5. d3 Nf6 6. a4 O-O 7. Na3 Bc7 8. Nc4 Re8 9. h3 h6 10. Ne3 Na5 11. Bd2 a6 12. Bxa5 Bxa5 13. Bc4 d6 14. c3 Bd7 15. Qb3 Rf8 16. Qxb7 Bb6 17. a5 Bxa5 18. Qb3 Rb8 19. Qa2 Bb6 20. Qxa6 Bc6 21. Qa2 Ra8 22. Qb3 Rb8 23. Qc2 Qd7 24. Nd2 Ra8 25. Nd5 Bd8 26. Nxf6+ Bxf6 27. Bd5 Bxd5 28. exd5 Rab8 29. Nc4 Qb7 30. Nxd6 Qxd5 31. Nc4 e4 32. Rfd1 Rfd8 33. Ne3 exd3 34. Qd2 Qb3 35. Ng4 Qxb2 36. Nxf6+ gxf6 37. Qxh6 Qxc3 38. Ra4 Rb4 39. Ra6 d2 40. Rxf6 Rd5 41. Rf3 Rd3 42. Qg5+ Kf8 43. Rxd3 Qxd3 44. Qxc5+ 1-0


[Site "https://www.chess.com"]

[Event "Titled Tuesday Blitz January 10 Early 2023"]
[White "Hnydiuk, Aleksander"]
[Black "Mahdavi, Reza"]
[WhiteFideId "1109057"]
[BlackFideId "12595926"]
[WhiteElo "2363"]
[BlackElo "2339"]
[Result "0-1"]
[Round "02"]
[TimeControl "180+2"]
[Date "2023.01.10"]
[WhiteClock "0:00:01"]
[BlackClock "0:01:19"]

1. e4 c5 2. Nf3 e6 3. d4 cxd4 4. Nxd4 Nc6 5. Nc3 Qc7 6. Be3 a6 7. a3 Nf6 8. f4 d6 9. Qf3 Be7 10. O-O-O Nxd4 11. Rxd4 O-O 12. g4 b5 13. g5 Nd7 14. h4 Bb7 15. h5 e5 16. Nd5 Bxd5 17. Rxd5 exf4 18. Bxf4 Rac8 19. Rd2 Ne5 20. Bxe5 dxe5 21. Qg4 Rfd8 22. Rxd8+ Qxd8 23. Rg1 g6 24. hxg6 hxg6 25. Kb1 Rc5 26. Bd3 Kg7 27. Qh4 Qh8 28. Qf2 Rc7 29. c3 Qh3 30. Bc2 a5 31. Bb3 Bd8 32. Rf1 Bxg5 33. Bxf7 Bf4 34. Bd5 b4 35. axb4 axb4 36. Rg1 bxc3 37. Rxg6+ Kh7 38. Rc6 Rxc6 39. Bxc6 Qd3+ 40. Qc2 Qf1+ 41. Ka2 Qc4+ 42. Qb3 Qxc6 43. Qf7+ Kh6 44. Qf8+ Kg5 45. Qg7+ Qg6 46. Qe7+ Kg4 47. Qd7+ Kh4 48. Qe7+ Kg3 49. bxc3 Qxe4 50. Qg7+ Kf2 0-1


[Site "https://www.chess.com"]

[Event "Titled Tuesday Blitz January 10 Early 2023"]
[White "Boros, Denes"]
[Black "ArchibaldCerveza29"]
[WhiteFideId "722340"]
[WhiteElo "2406"]
[BlackElo "2537"]
[Result "1-0"]
[Round "02"]
[TimeControl "180+2"]
[Date "2023.01.10"]
[WhiteClock "0:01:27"]
[BlackClock "0:00:03"]

1. d4 d5 2. Nc3 Nf6 3. Nf3 c5 4. Bf4 e6 5. e3 Bd6 6. Bb5+ Nc6 7. dxc5 Bxc5 8. O-O O-O 9. Qe2 a6 10. Bd3 Re8 11. Bg5 Be7 12. Rad1 Qb6 13. Rb1 h6 14. Bh4 Qa5 15. a3 b5 16. e4 Bb7 17. Rfe1 Rad8 18. Bxf6 Bxf6 19. exd5 Bxc3 20. dxc6 Bxe1 21. cxb7 Bxf2+ 22. Qxf2 Qc7 23. Re1 Qxb7 24. Qg3 Qd5 25. Kh1 Re7 26. Be4 Qc5 27. Ne5 Rc8 28. Bd3 f6 29. Ng4 Kf8 30. Nf2 Qg5 31. Qf3 Qd5 32. Qe2 Qg5 33. Rf1 Qe5 34. Ne4 Ke8 35. Qf2 Rec7 36. b4 f5 37. Nc5 Rxc5 38. bxc5 Rxc5 39. Re1 Qd6 40. Bxf5 Rxf5 41. Qxf5 Ke7 42. Qg6 Qd2 43. Qxg7+ Kd8 44. Qg3 Qxc2 45. Qd6+ 1-0


[Site "https://www.chess.com"]

[Event "Titled Tuesday Blitz January 10 Early 2023"]
[White "Buksa, Nataliya"]
[Black "Boruchovsky, Avital"]
[WhiteFideId "14123622"]
[BlackFideId "2800055"]
[WhiteElo "2406"]
[BlackElo "2539"]
[Result "0-1"]
[Round "02"]
[TimeControl "180+2"]
[Date "2023.01.10"]
[WhiteClock "0:00:06"]
[BlackClock "0:00:07"]

1. d4 d6 2. Nc3 e5 3. Nf3 Nc6 4. e4 Bg4 5. dxe5 Nxe5 6. Be2 Nf6 7. O-O h5 8. h3 Bxf3 9. Bxf3 Nxf3+ 10. Qxf3 Be7 11. a4 c6 12. a5 a6 13. Bg5 Nd7 14. Bxe7 Qxe7 15. Rad1 Ne5 16. Qg3 h4 17. Qe3 g5 18. b3 Ng6 19. Qd4 Rd8 20. Ne2 Qe5 21. b4 Qxd4 22. Nxd4 d5 23. Rfe1 O-O 24. exd5 Rxd5 25. c4 Rd7 26. Nf5 Rfd8 27. Re8+ Rxe8 28. Rxd7 Re1+ 29. Kh2 Re2 30. Nh6+ Kg7 31. Nxf7 Kf6 32. Nd8 Nf4 33. Nxb7 Rxf2 34. Nc5 Rxg2+ 35. Kh1 Ra2 36. Rd6+ Kf5 37. Rxc6 Nxh3 38. Rxa6 g4 39. Ra8 g3 40. Rg8 Nf4 41. Nb3 Rb2 42. Nd4+ Ke4 43. a6 Rb1# 0-1


[Site "https://www.chess.com"]

[Event "Titled Tuesday Blitz January 10 Early 2023"]
[White "Bryakin, Mikhail"]
[Black "Przybylski, Wojciech"]
[WhiteFideId "4165314"]
[BlackFideId "1117599"]
[WhiteElo "2455"]
[BlackElo "2321"]
[Result "0-1"]
[Round "02"]
[TimeControl "180+2"]
[Date "2023.01.10"]
[WhiteClock "0:00:02"]
[BlackClock "0:00:11"]

1. Nf3 Nf6 2. c4 c6 3. d4 d5 4. g3 e6 5. Qc2 Nbd7 6. Bg2 Bd6 7. O-O O-O 8. Nbd2 Re8 9. Rd1 h6 10. e4 dxe4 11. Nxe4 Bf8 12. b3 a5 13. a4 Nxe4 14. Qxe4 f5 15. Qe2 Qb6 16. Be3 Qa6 17. Ne5 Bb4 18. Nxd7 Bxd7 19. Bf4 Rad8 20. Be5 b5 21. axb5 cxb5 22. f4 bxc4 23. bxc4 Bc6 24. Qb2 Bxg2 25. Qxb4 axb4 26. Rxa6 Be4 27. Rb6 b3 28. Rd2 Rc8 29. Rb4 Re7 30. Rxb3 Rxc4 31. Kf2 Rc1 32. Rb8+ Kh7 33. Ra2 Rb7 34. Rxb7 Bxb7 35. Ra7 Rb1 36. h3 g5 37. fxg5 hxg5 38. h4 gxh4 39. gxh4 Kg6 40. Ke3 Rb3+ 41. Kd2 Kh5 42. Bf6 Kg4 43. Ra5 f4 44. Rg5+ Kh3 45. Be5 f3 46. Rg3+ Kxh4 47. Ke1 Be4 48. Kf2 Rb2+ 49. Ke3 Bd5 50. Kf4 Kh5 51. Rh3+ Kg6 52. Rg3+ Kf7 0-1


[Site "https://www.chess.com"]

[Event "Titled Tuesday Blitz January 10 Early 2023"]
[White "Al-Tarboush, Ward"]
[Black "Postny, Evgeny"]
[WhiteFideId "7601450"]
[BlackFideId "2804344"]
[WhiteElo "2256"]
[BlackElo "2549"]
[Result "1-0"]
[Round "02"]
[TimeControl "180+2"]
[Date "2023.01.10"]
[WhiteClock "0:00:27"]
[BlackClock "0:00:03"]

1. e4 c5 2. Nf3 Nc6 3. d4 cxd4 4. Nxd4 Nf6 5. Nc3 Rb8 6. Nxc6 bxc6 7. e5 Nd5 8. Nxd5 cxd5 9. Bd3 e6 10. O-O d6 11. Bf4 Rxb2 12. Qg4 Rb4 13. a3 Rd4 14. Qg3 h5 15. exd6 h4 16. Qe3 Rxf4 17. Qxf4 Bxd6 18. Qa4+ Bd7 19. Bb5 Bxb5 20. Qxb5+ Qd7 21. Qxd7+ Kxd7 22. Rab1 Kc6 23. Rb3 Bc5 24. Rfb1 Rh5 25. a4 Rf5 26. Rf3 Rxf3 27. gxf3 Bb6 28. Kg2 Kc5 29. Kh3 g5 30. Kg4 f6 31. f4 Kc4 32. fxg5 fxg5 33. Rf1 Kc3 34. Kxg5 Kxc2 35. Kxh4 d4 36. Kg4 d3 37. Kf3 Bd8 38. Rg1 e5 39. Rg8 Bh4 40. Rc8+ Kd2 41. Rc4 Bg5 42. h4 Bf4 43. h5 Ke1 44. Re4+ Kf1 45. Rb4 Ke1 46. Rb1+ Kd2 47. Rh1 Bh6 48. Ke4 Ke2 49. Kxe5 d2 50. f4 d1=Q 51. Rxd1 Kxd1 52. f5 Ke2 53. f6 Kf3 54. Kf5 Kg3 55. Kg6 Bf8 56. h6 Kf4 57. h7 1-0


[Site "https://www.chess.com"]

[Event "Titled Tuesday Blitz January 10 Early 2023"]
[White "Batsuren, Dambasuren"]
[Black "Kvaloy, Aksel Bu"]
[WhiteFideId "4902920"]
[BlackFideId "1528815"]
[WhiteElo "2525"]
[BlackElo "2321"]
[Result "1-0"]
[Round "02"]
[TimeControl "180+2"]
[Date "2023.01.10"]
[WhiteClock "0:00:33"]
[BlackClock "0:00:10"]

1. d4 Nf6 2. c4 e6 3. g3 d5 4. Nf3 dxc4 5. Bg2 c6 6. Ne5 Bb4+ 7. Bd2 Be7 8. e3 b5 9. Nxc6 Nxc6 10. Bxc6+ Bd7 11. Bxa8 Qxa8 12. O-O e5 13. dxe5 Bh3 14. f3 Ng4 15. Re1 Nxe5 16. e4 Nd3 17. Re2 Nxb2 18. Qc2 Nd3 19. Nc3 Qc6 20. Nd5 Bc5+ 21. Be3 O-O 22. Rd1 Ne5 23. Rf2 Bxe3 24. Ne7+ Kh8 25. Nxc6 Nxc6 26. Qc3 Bb6 27. Rd6 Rc8 28. g4 h5 29. Rh6+ Kg8 30. Rxh5 Nd4 31. Kh1 b4 32. Qc1 Nxf3 33. Rxh3 Bxf2 34. Rxf3 Bd4 35. Qc2 a5 36. Kg2 c3 37. Rd3 Be5 38. Rd5 f6 39. Rxa5 Kh7 40. g5 Kg6 41. gxf6 gxf6 42. Kf3 Rh8 43. Qg2+ Kf7 44. Ra7+ Ke6 45. Qg4+ Kd6 46. Qd7+ Kc5 47. Qd5+ Kb6 48. Rb7+ Ka6 49. Qb5# 1-0


[Site "https://www.chess.com"]

[Event "Titled Tuesday Blitz January 10 Early 2023"]
[White "Mica, Marek"]
[Black "Rakhmanov, Aleksandr"]
[WhiteFideId "382884"]
[BlackFideId "4173708"]
[WhiteElo "2256"]
[BlackElo "2632"]
[Result "0-1"]
[Round "02"]
[TimeControl "180+2"]
[Date "2023.01.10"]
[WhiteClock "0:00:21"]
[BlackClock "0:00:24"]

1. d4 Nf6 2. c4 d6 3. Nc3 e5 4. Nf3 e4 5. Ng5 Qe7 6. e3 h6 7. Nh3 Bf5 8. Nf4 c6 9. h4 g6 10. Be2 h5 11. b4 Nbd7 12. a4 Bh6 13. g3 O-O 14. Ba3 Bg4 15. Bxg4 Nxg4 16. Nce2 a6 17. b5 axb5 18. axb5 Ndf6 19. Qb3 Ra7 20. Kf1 Rfa8 21. Kg2 Qd7 22. Ra2 cxb5 23. cxb5 Ra5 24. Rb1 Kg7 25. Rbb2 g5 26. hxg5 Bxg5 27. Bb4 Rxa2 28. Rxa2 Rh8 29. Qa3 h4 30. Nh3 hxg3 31. Nxg5 Rh2+ 32. Kxg3 Nh5# 0-1


[Site "https://www.chess.com"]

[Event "Titled Tuesday Blitz January 10 Early 2023"]
[White "Gareyev, Timur"]
[Black "Janaszak, Dawid"]
[WhiteFideId "14200937"]
[BlackFideId "1119206"]
[WhiteElo "2617"]
[BlackElo "2316"]
[Result "1-0"]
[Round "02"]
[TimeControl "180+2"]
[Date "2023.01.10"]
[WhiteClock "0:00:12"]
[BlackClock "0:00:09"]

1. d4 d5 2. Nf3 c5 3. c4 e6 4. cxd5 exd5 5. g3 Nc6 6. Bg2 Nf6 7. O-O Be7 8. Be3 c4 9. Ne5 O-O 10. b3 cxb3 11. Qxb3 Bd6 12. Qb2 Ng4 13. Nxg4 Bxg4 14. Nc3 Na5 15. Bxd5 Rc8 16. Rfc1 Nc4 17. Qb3 Nxe3 18. fxe3 Qe7 19. Kf2 Ba3 20. Rc2 b6 21. Rf1 Kh8 22. Nb5 Bd6 23. Rxc8 Rxc8 24. Bf3 Bh3 25. Rd1 Bb8 26. Nc3 Re8 27. Nd5 Qd6 28. Nf4 Be6 29. Nxe6 fxe6 30. Be4 e5 31. d5 Qh6 32. Kg2 Bd6 33. Qd3 Rf8 34. a4 a5 35. Bf3 Qg5 36. Qe4 h5 37. h4 Qh6 38. Rc1 Bc5 39. Qxe5 Bd6 40. Qxh5 Qxh5 41. Bxh5 Bc5 42. Rc3 Rd8 43. e4 Kh7 44. Bf3 Re8 45. Rd3 Bd6 46. Rc3 Re7 47. Rc6 Bc5 48. d6 Rd7 49. e5 Bd4 50. Bg4 Rf7 51. e6 Rf2+ 52. Kh3 Be5 53. e7 1-0


[Site "https://www.chess.com"]

[Event "Titled Tuesday Blitz January 10 Early 2023"]
[White "Zhang, Derek"]
[Black "Zemlyanskii, Ivan"]
[WhiteFideId "2087871"]
[BlackFideId "24249971"]
[WhiteElo "2186"]
[BlackElo "2300"]
[Result "0-1"]
[Round "02"]
[TimeControl "180+2"]
[Date "2023.01.10"]
[WhiteClock "0:01:03"]
[BlackClock "0:00:44"]

1. Nf3 d5 2. c4 e6 3. e3 Nf6 4. Nc3 c6 5. b3 Bd6 6. Bb2 Nbd7 7. Qc2 Qe7 8. Be2 O-O 9. Rg1 dxc4 10. bxc4 e5 11. d3 Nc5 12. O-O-O b5 13. h3 b4 14. Na4 Nxa4 15. Qxa4 c5 16. g4 a5 17. g5 Ne8 18. Rde1 Bd7 19. Qd1 a4 20. Nd2 Bf5 21. h4 Nc7 22. Ne4 Bxe4 23. dxe4 Ne6 24. Qd3 Rfb8 25. Bd1 Bc7 26. Re2 Qe8 27. f3 Qc6 28. Rgg2 Qa6 29. Rd2 b3 30. a3 Ba5 31. Bc3 Rd8 0-1


[Site "https://www.chess.com"]